NCAA
TEXAS TECH RED RAIDERS @ COLORADO BUFFALOES
05/02/2025
 
TOP OF THE 1ST
Texas Tech Red Raiders batting - Pitching for Colorado Buffaloes : RHP Larry Johnston
Pitching: RHP Larry Johnston
Batting: RHB Travis Ezell 0-0: Ball
1-0: Swinging Strike
1-1: Ball
2-1: Ball
3-1: Swinging Strike
3-2: Strikes out looking
Batting: RHB Greg Hansen 0-0: Ball
1-0: Called Strike
1-1: Ball
2-1: Foul Ball, location: 2F
2-2: Strikes out swinging
Batting: RHB Donovan James 0-0: Called Strike
0-1: Ball
1-1: Foul Ball, location: 2F
1-2: SINGLE (Groundball, 56)
Batting: SHB Mike Miller 0-0: Called Strike
0-1: Called Strike
Throwing error on steal attempt, E2
Donovan James to third
0-2: Strikes out swinging
Top of the 1st over - 0 run(s), 1 hit(s), 1 error(s), 1 left on base; Texas Tech 0 - Colorado 0
BOTTOM OF THE 1ST
Colorado Buffaloes batting - Pitching for Texas Tech Red Raiders : RHP Valentín Mejía
Pitching: RHP Valentín Mejía
Batting: LHB Will Elliott 0-0: Called Strike
0-1: Ground out 4-3 (Groundball, 4)
Batting: RHB Henry Barker 0-0: Fly out, F6 (Popup, 6M)
Batting: RHB Pedro Romero 0-0: Ball
1-0: Ball
2-0: Swinging Strike
2-1: Swinging Strike
2-2: Strikes out swinging
Bottom of the 1st over - 0 run(s), 0 hit(s), 0 error(s), 0 left on base; Texas Tech 0 - Colorado 0
TOP OF THE 2ND
Texas Tech Red Raiders batting - Pitching for Colorado Buffaloes : RHP Larry Johnston
Batting: RHB Jorge Calderón 0-0: SINGLE (Groundball, 23) (infield hit)
Batting: RHB Mark Joseph 0-0: Ball
1-0: Fly out, F9 (Line Drive, 89D)
Batting: RHB Ralph Wells 0-0: Swinging Strike
0-1: Ball
1-1: Swinging Strike
1-2: Foul Ball, location: 2F
1-2: Strikes out swinging
Batting: LHB Jeff Barnes 0-0: Called Strike
0-1: Called Strike
0-2: Ball
1-2: Ball
2-2: Strikes out swinging
Top of the 2nd over - 0 run(s), 1 hit(s), 0 error(s), 1 left on base; Texas Tech 0 - Colorado 0
BOTTOM OF THE 2ND
Colorado Buffaloes batting - Pitching for Texas Tech Red Raiders : RHP Valentín Mejía
Batting: RHB Ray Rogers 0-0: Ball
1-0: Foul Ball, location: 2F
1-1: Fly out, F9 (Flyball, 9M)
Batting: RHB Ramón Chávez 0-0: Reached on error, E6 (Groundball, 6)
Batting: LHB Marcos Fontanez 0-0: Ball
1-0: Ball
2-0: Called Strike
2-1: SINGLE (Line Drive, 8RS)
Ramón Chávez to second
Batting: LHB Ethan Shaw 0-0: Ball
1-0: Ball
2-0: Ball
3-0: Base on Balls
Ramón Chávez to third
Marcos Fontanez to second
Batting: LHB Clarence Bowers 0-0: Ball
1-0: Ball
2-0: Called Strike
2-1: Foul Ball, location: 2F
2-2: Ball
3-2: Base on Balls
Ramón Chávez scores
Marcos Fontanez to third
Ethan Shaw to second
Batting: RHB Eddie Woods 0-0: Swinging Strike
0-1: Swinging Strike
0-2: Ball
1-2: Ball
2-2: Ball
3-2: Foul Ball, location: 2F
3-2: Base on Balls
Marcos Fontanez scores
Ethan Shaw to third
Clarence Bowers to second
Batting: LHB Will Elliott 0-0: Called Strike
0-1: Ball
1-1: Swinging Strike
1-2: Strikes out looking
Batting: RHB Henry Barker 0-0: Called Strike
0-1: Foul Ball, location: 2F
0-2: Ball
1-2: Strikes out looking
Bottom of the 2nd over - 2 run(s), 1 hit(s), 1 error(s), 3 left on base; Texas Tech 0 - Colorado 2
TOP OF THE 3RD
Texas Tech Red Raiders batting - Pitching for Colorado Buffaloes : RHP Larry Johnston
Batting: RHB Gary Miller 0-0: Ball
1-0: Ball
2-0: Called Strike
2-1: Swinging Strike
2-2: Ground out 5-3 (Groundball, 5)
Batting: RHB Travis Ezell 0-0: Foul Ball, location: 2F
0-1: Ball
1-1: Foul Ball, location: 2F
1-2: Foul Ball, location: 2F
1-2: Ball
2-2: SINGLE (Groundball, 5L)
Batting: RHB Greg Hansen 0-0: Ball
Pickoff Throw to First - Out!
1-0: Foul Ball, location: 2F
1-1: Foul Ball, location: 2F
1-2: Ball
2-2: Strikes out swinging
Top of the 3rd over - 0 run(s), 1 hit(s), 0 error(s), 0 left on base; Texas Tech 0 - Colorado 2
BOTTOM OF THE 3RD
Colorado Buffaloes batting - Pitching for Texas Tech Red Raiders : RHP Valentín Mejía
Batting: RHB Pedro Romero 0-0: Called Strike
0-1: Swinging Strike
0-2: Foul Ball, location: 2F
0-2: Strikes out swinging
Batting: RHB Ray Rogers 0-0: Called Strike
0-1: SINGLE (Line Drive, 56D)
Batting: RHB Ramón Chávez 0-0: Ball
1-0: Foul Ball, location: 2F
1-1: Foul Ball, location: 2F
1-2: Strikes out looking
Batting: LHB Marcos Fontanez 0-0: Ball
1-0: Called Strike
1-1: Ball
2-1: Swinging Strike
2-2: Fly out, F3 (Popup, 13)
Bottom of the 3rd over - 0 run(s), 1 hit(s), 0 error(s), 1 left on base; Texas Tech 0 - Colorado 2
TOP OF THE 4TH
Texas Tech Red Raiders batting - Pitching for Colorado Buffaloes : RHP Larry Johnston
Batting: RHB Donovan James 0-0: Called Strike
0-1: Fly out, F8 (Flyball, 8LM)
Batting: SHB Mike Miller 0-0: Swinging Strike
0-1: Foul Ball, location: 2F
0-2: Ball
1-2: Strikes out swinging
Batting: RHB Jorge Calderón 0-0: Called Strike
0-1: Foul Ball, location: 2F
0-2: Strikes out looking
Top of the 4th over - 0 run(s), 0 hit(s), 0 error(s), 0 left on base; Texas Tech 0 - Colorado 2
BOTTOM OF THE 4TH
Colorado Buffaloes batting - Pitching for Texas Tech Red Raiders : RHP Valentín Mejía
Batting: LHB Ethan Shaw 0-0: SINGLE (Groundball, 25) (infield hit)
Batting: LHB Clarence Bowers 0-0: Ball
1-0: Fielders Choice at 2nd, 4-6 (Groundball, 4)
Batting: RHB Eddie Woods 0-0: Foul Ball, location: 2F
0-1: Foul Ball, location: 2F
0-2: SINGLE (Line Drive, 56D)
Clarence Bowers to second
Batting: LHB Will Elliott 0-0: Called Strike
0-1: Ball
Wild Pitch!
Clarence Bowers to third
Eddie Woods to second
1-1: SINGLE (Flyball, 5D)
Clarence Bowers scores
Eddie Woods to third
Runner from 3rd tries for Home, SAFE, throw made home
Will Elliott to second
Batting: RHB Henry Barker 0-0: Ball
Throwing error on steal attempt, E2
Will Elliott scores
1-0: Called Strike
1-1: SOLO HOME RUN (Flyball, 89XD), Distance : 366 ft
Batting: RHB Pedro Romero 0-0: Ball
1-0: Called Strike
1-1: Fly out, F5 (Line Drive, 5)
Batting: RHB Ray Rogers 0-0: Fly out, F8 (Flyball, 8LM)
Bottom of the 4th over - 4 run(s), 4 hit(s), 1 error(s), 0 left on base; Texas Tech 0 - Colorado 6
TOP OF THE 5TH
Texas Tech Red Raiders batting - Pitching for Colorado Buffaloes : RHP Larry Johnston
Batting: RHB Mark Joseph 0-0: Ground out 6-3 (Groundball, 6M)
Batting: RHB Ralph Wells 0-0: Ground out 4-3 (Groundball, 4)
Batting: LHB Jeff Barnes 0-0: Ball
1-0: Ball
2-0: Called Strike
2-1: Foul Ball, location: 2F
2-2: SINGLE (Groundball, 5D)
Batting: RHB Gary Miller 0-0: Ball
1-0: Ball
2-0: Ball
3-0: Base on Balls
Jeff Barnes to second
Batting: RHB Travis Ezell 0-0: Foul Ball, location: 2F
0-1: Called Strike
0-2: Ball
1-2: Strikes out swinging
Top of the 5th over - 0 run(s), 1 hit(s), 0 error(s), 2 left on base; Texas Tech 0 - Colorado 6
BOTTOM OF THE 5TH
Colorado Buffaloes batting - Pitching for Texas Tech Red Raiders : RHP Valentín Mejía
Batting: RHB Ramón Chávez 0-0: Ball
1-0: Ball
2-0: Ground out 4-3 (Groundball, 4M)
Batting: LHB Marcos Fontanez 0-0: Ball
1-0: Ball
2-0: Ball
3-0: Base on Balls
Pitching: RHP Mike Moore
Batting: LHB Ethan Shaw 0-0: Ball
1-0: Ball
2-0: Ball
3-0: Base on Balls
Marcos Fontanez to second
Batting: LHB Clarence Bowers 0-0: Ball
1-0: Foul Ball, location: 2F
1-1: Ball
2-1: Called Strike
2-2: Foul Ball, location: 2F
2-2: Ball
3-2: Base on Balls
Marcos Fontanez to third
Ethan Shaw to second
Batting: RHB Eddie Woods 0-0: Ball
1-0: Fly out, F8 (Flyball, 78M)
Runner from 3rd tags up, SCORES, throw made
Batting: LHB Will Elliott 0-0: DOUBLE (Line Drive, 9LM)
Ethan Shaw scores
Clarence Bowers to third
Batting: RHB Henry Barker 0-0: Called Strike
0-1: Ball
1-1: Foul Ball, location: 2F
1-2: Fly out, F7 (Flyball, 7M)
Bottom of the 5th over - 2 run(s), 1 hit(s), 0 error(s), 2 left on base; Texas Tech 0 - Colorado 8
TOP OF THE 6TH
Texas Tech Red Raiders batting - Pitching for Colorado Buffaloes : RHP Larry Johnston
Batting: RHB Greg Hansen 0-0: Swinging Strike
0-1: Ball
1-1: Ball
2-1: Called Strike
2-2: Foul Ball, location: 2F
2-2: Ball
3-2: Strikes out looking
Batting: RHB Donovan James 0-0: Ball
1-0: Foul Ball, location: 2F
1-1: Ground out 6-3 (Groundball, 6M)
Batting: SHB Mike Miller 0-0: Ball
1-0: Called Strike
1-1: SINGLE (Flyball, 7LM)
Pitching: LHP Steve Yates
Batting: RHB Jorge Calderón 0-0: Ball
1-0: Called Strike
1-1: Ball
2-1: SINGLE (Popup, 78S)
Mike Miller to second
Batting: RHB Mark Joseph 0-0: Ball
1-0: Swinging Strike
1-1: 3-RUN HOME RUN (Flyball, 78XD), Distance : 379 ft
Batting: RHB Ralph Wells 0-0: Foul Ball, location: 2F
0-1: Swinging Strike
0-2: Ball
1-2: Strikes out swinging
Top of the 6th over - 3 run(s), 3 hit(s), 0 error(s), 0 left on base; Texas Tech 3 - Colorado 8
BOTTOM OF THE 6TH
Colorado Buffaloes batting - Pitching for Texas Tech Red Raiders : RHP Mike Moore
Batting: RHB Pedro Romero 0-0: Ball
1-0: Swinging Strike
1-1: Ball
2-1: Called Strike
2-2: Ball
3-2: Foul Ball, location: 2F
3-2: Base on Balls
Batting: RHB Ray Rogers 0-0: Ball
1-0: Grounds into double play, 6-4-3 (Groundball, 6M)
Batting: RHB Ramón Chávez 0-0: Called Strike
0-1: SINGLE (Popup, 4M)
Batting: LHB Marcos Fontanez 0-0: SINGLE (Line Drive, 78M)
Ramón Chávez to second
Batting: LHB Ethan Shaw 0-0: Swinging Strike
0-1: Called Strike
0-2: Ball
1-2: Ball
2-2: 3-RUN HOME RUN (Flyball, 8LXD), Distance : 394 ft
Batting: LHB Clarence Bowers 0-0: Swinging Strike
0-1: Foul Ball, location: 2F
0-2: Strikes out swinging
Bottom of the 6th over - 3 run(s), 3 hit(s), 0 error(s), 0 left on base; Texas Tech 3 - Colorado 11
TOP OF THE 7TH
Texas Tech Red Raiders batting - Pitching for Colorado Buffaloes : LHP Steve Yates
Batting: LHB Jeff Barnes 0-0: Swinging Strike
0-1: Foul Ball, location: 2F
0-2: Strikes out swinging
Batting: RHB Gary Miller 0-0: Foul Ball, location: 2F
0-1: Ball
1-1: SINGLE (Line Drive, 3D)
Batting: RHB Travis Ezell 0-0: Ball
1-0: Ball
2-0: Ball
Throwing error on steal attempt, E2
Gary Miller to third
3-0: Called Strike
3-1: Foul Ball, location: 2F
3-2: Foul Ball, location: 2F
3-2: Foul Ball, location: 2F
3-2: Base on Balls
Batting: RHB Greg Hansen Pickoff Throw to First - Out!
0-0: SINGLE (Line Drive, 7S)
Gary Miller scores
Batting: RHB Donovan James 0-0: Hit by Pitch
Greg Hansen to second
Batting: SHB Mike Miller 0-0: Ball
1-0: Ground out 1-3 (Groundball, 15)
Top of the 7th over - 1 run(s), 2 hit(s), 1 error(s), 2 left on base; Texas Tech 4 - Colorado 11
BOTTOM OF THE 7TH
Colorado Buffaloes batting - Pitching for Texas Tech Red Raiders : RHP Mike Moore
Pitching: LHP Dan Marshall
Batting: RHB Eddie Woods 0-0: Called Strike
0-1: Swinging Strike
0-2: Foul Ball, location: 2F
0-2: Ball
1-2: Ball
2-2: Ball
3-2: Base on Balls
Batting: LHB Will Elliott 0-0: Fielders Choice at 2nd, U4 (Groundball, 4)
Batting: RHB Henry Barker 0-0: Ball
1-0: Ball
2-0: Ball
3-0: Called Strike
3-1: SINGLE (Line Drive, 8LS)
Will Elliott to second
Batting: RHB Pedro Romero 0-0: Ball
1-0: SINGLE (Line Drive, 6MD)
Will Elliott to third
Henry Barker to second
Batting: RHB Ray Rogers 0-0: Ball
1-0: Called Strike
1-1: Ball
2-1: Fly out, F8 (Flyball, 8RM)
Runner from 3rd tags up, SCORES, no throw
Batting: RHB Ramón Chávez 0-0: Ball
1-0: Called Strike
1-1: Called Strike
1-2: Foul Ball, location: 2F
1-2: Strikes out swinging
Bottom of the 7th over - 1 run(s), 2 hit(s), 0 error(s), 2 left on base; Texas Tech 4 - Colorado 12
TOP OF THE 8TH
Texas Tech Red Raiders batting - Pitching for Colorado Buffaloes : LHP Steve Yates
Batting: RHB Jorge Calderón 0-0: Ball
1-0: Ball
2-0: Ball
3-0: Called Strike
3-1: Foul Ball, location: 2F
3-2: DOUBLE (Line Drive, 9LS)
Batting: RHB Mark Joseph 0-0: Ball
1-0: Ball
2-0: Ball
3-0: Base on Balls
Batting: RHB Ralph Wells 0-0: SINGLE (Line Drive, 3D)
Jorge Calderón to third
Mark Joseph to second
Batting: LHB Jeff Barnes 0-0: Called Strike
0-1: Swinging Strike
0-2: Fly out, F9 (Flyball, 9D)
Runner from 3rd tags up, SCORES, no throw
Mark Joseph to third
Batting: RHB Gary Miller 0-0: Called Strike
0-1: Foul Ball, location: 2F
0-2: Ball
1-2: Strikes out swinging
Batting: RHB Travis Ezell 0-0: Fly out, F4 (Popup, 4MS)
Top of the 8th over - 1 run(s), 2 hit(s), 0 error(s), 2 left on base; Texas Tech 5 - Colorado 12
BOTTOM OF THE 8TH
Colorado Buffaloes batting - Pitching for Texas Tech Red Raiders : LHP Dan Marshall
Batting: LHB Marcos Fontanez 0-0: Called Strike
0-1: Foul Ball, location: 2F
0-2: Ball
1-2: SOLO HOME RUN (Flyball, 89XD), Distance : 388 ft
Batting: LHB Ethan Shaw 0-0: Ball
1-0: Foul Ball, location: 2F
1-1: SOLO HOME RUN (Flyball, 89XD), Distance : 377 ft
Batting: LHB Clarence Bowers 0-0: Called Strike
0-1: SINGLE (Groundball, 34S)
Batting: RHB Eddie Woods 0-0: Sac Bunt - play at first, batter OUT! U3
Clarence Bowers to second
Batting: LHB Will Elliott 0-0: Called Strike
0-1: Swinging Strike
0-2: Ball
1-2: Fly out, F7 (Flyball, 7LMF)
Batting: RHB Henry Barker 0-0: Fly out, F3 (Popup, 3F)
Bottom of the 8th over - 2 run(s), 3 hit(s), 0 error(s), 1 left on base; Texas Tech 5 - Colorado 14
TOP OF THE 9TH
Texas Tech Red Raiders batting - Pitching for Colorado Buffaloes : LHP Steve Yates
Now at SS: Jay Black
Batting: RHB Greg Hansen 0-0: Called Strike
0-1: Called Strike
0-2: Ball
1-2: Foul Ball, location: 2F
1-2: Ground out 6-3 (Groundball, 6)
Pitching: LHP Bobby Brown
Batting: RHB Donovan James 0-0: Fly out, F8 (Flyball, 8LD)
Batting: SHB Mike Miller 0-0: Foul Ball, location: 2F
0-1: Ball
1-1: SINGLE (Groundball, 56)
Batting: RHB Jorge Calderón 0-0: Called Strike
0-1: 2-RUN HOME RUN (Flyball, 8LXD), Distance : 391 ft
Batting: RHB Mark Joseph 0-0: Ball
1-0: Fly out, F2 (Popup, 2RF)
Top of the 9th over - 2 run(s), 2 hit(s), 0 error(s), 0 left on base; Texas Tech 7 - Colorado 14
This league is powered by Out of the Park Baseball, the baseball management simulation game for PC, Mac and Linux
Tuesday, August 2nd, 2016 - OOTP Baseball 16.8 Build 38